[Event "Titled Tuesday Blitz December 20 Early 2022"]
[White "Eloisa Navez, Angel"]
[Black "Alexei_Gubajdullin"]
[WhiteFideId "5117305"]
[WhiteElo "1942"]
[BlackElo "2625"]
[Result "0-1"]
[Round "09"]
[TimeControl "180+2"]
[Date "2022.12.20"]
[WhiteClock "0:00:01"]
[BlackClock "0:00:05"]

1. e4 g6 2. d4 Bg7 3. Nc3 d6 4. Nf3 Nf6 5. Be2 O-O 6. O-O Nc6 7. d5 Nb8 8. Bg5 Bg4 9. Qd2 c6 10. h3 Bxf3 11. Bxf3 Qb6 12. a4 a5 13. Be3 Qc7 14. Rfe1 Na6 15. Rad1 Nd7 16. h4 Nb4 17. h5 Ne5 18. Be2 cxd5 19. exd5 Nc4 20. Bxc4 Qxc4 21. Bg5 Rfe8 22. Bxe7 Be5 23. Rxe5 dxe5 24. d6 Qe6 25. Ne4 Rxe7 26. dxe7 Qxe7 27. Qh6 Rd8 28. Rxd8+ Qxd8 29. hxg6 hxg6 30. f3 Nxc2 31. Ng5 Qd4+ 32. Kh1 Qf4 33. Qh7+ Kf8 34. Qh8+ Ke7 35. Ne4 Ne3 36. Qc8 Qh4+ 37. Kg1 Qe1+ 38. Kh2 Nf1+ 39. Kh3 Qe3 40. Qc7+ Kf8 41. Qb8+ Ke7 42. Qxe5+ Kf8 43. Qb8+ Ke7 44. Qe5+ Kd7 45. Qd5+ Kc7 46. Qxf7+ Kb6 47. Qxg6+ Ka7 48. Qg5 Qg1 49. Qxa5+ Kb8 50. Qd8+ Ka7 51. Qa5+ Kb8 52. Qe5+ Ka7 53. Nd6 Qh1+ 54. Kg4 Qxg2+ 55. Kf4 Qg3+ 56. Ke4 Nd2+ 57. Kd5 Qg8+ 58. Kc5 Qb3 59. Nb5+ Ka6 60. Qd6+ Ka5 61. Qxd2+ Kxa4 62. Nc3+ Ka5 0-1


[Site "https://www.chess.com"]

[Event "Titled Tuesday Blitz December 20 Early 2022"]
[White "FairChess_on_YouTube"]
[Black "Nakamura, Hikaru"]
[BlackFideId "2016192"]
[WhiteElo "3072"]
[BlackElo "2775"]
[Result "0-1"]
[Round "09"]
[TimeControl "180+2"]
[Date "2022.12.20"]
[WhiteClock "0:00:02"]
[BlackClock "0:00:19"]

1. Nf3 Nf6 2. c4 g6 3. b4 e6 4. a3 a5 5. b5 d5 6. Bb2 c5 7. bxc6 bxc6 8. e3 Bg7 9. Be2 O-O 10. O-O Nbd7 11. Nc3 Ba6 12. cxd5 exd5 13. Rc1 Bxe2 14. Qxe2 a4 15. Na2 c5 16. Bxf6 Bxf6 17. Qb5 Qe7 18. d4 cxd4 19. Nb4 Rfb8 20. Qxd5 Nb6 21. Qa2 dxe3 22. Nc6 Qe4 23. Nxb8 Rxb8 24. Rfe1 Nd5 25. Qc2 Qxc2 26. Rxc2 Rb3 27. Rc5 exf2+ 28. Kxf2 Nf4 29. Rc8+ Kg7 30. Re4 Nd3+ 31. Ke2 Rxa3 32. g4 g5 33. h4 Nf4+ 34. Kf2 h6 35. hxg5 hxg5 36. Ree8 Ra2+ 37. Kf1 Ne6 38. Rh8 Kg6 39. Rcg8+ Bg7 40. Rh5 a3 41. Ne5+ Kf6 42. Nd7+ Ke7 43. Nb6 Rd2 44. Nc4 a2 45. Ra8 Rd1+ 0-1


[Site "https://www.chess.com"]

[Event "Titled Tuesday Blitz December 20 Early 2022"]
[White "FaustinoOro"]
[Black "Brunstein, Sandrine"]
[BlackFideId "625574"]
[WhiteElo "2633"]
[BlackElo "1990"]
[Result "0-1"]
[Round "09"]
[TimeControl "180+2"]
[Date "2022.12.20"]
[WhiteClock "0:00:05"]
[BlackClock "0:00:34"]

1. e4 c5 2. Nf3 e6 3. d4 cxd4 4. Nxd4 Nf6 5. Nc3 Nc6 6. Ndb5 Bb4 7. a3 Bxc3+ 8. Nxc3 d5 9. exd5 exd5 10. Bd3 O-O 11. O-O Bg4 12. f3 Bh5 13. Ne2 Re8 14. Kh1 Bg6 15. b3 d4 16. Bxg6 hxg6 17. Qd3 Ne5 18. Qxd4 Nxf3 19. Qxd8 Raxd8 20. Nf4 Nd4 21. Bb2 Nxc2 22. Rac1 Ne3 23. Rfe1 Re4 24. Nh3 Nfg4 25. Ng5 Re7 26. h3 Nf2+ 27. Kg1 Nd3 28. Rcd1 Ree8 29. Rxe3 Rxe3 30. Bc3 f6 31. Nf3 Kf7 32. Nd4 Nf4 33. Ba1 Rxb3 34. Rc1 Rxd4 35. Rc7+ Ke6 36. Bxd4 Ne2+ 37. Kh2 Nxd4 38. Rxg7 g5 0-1


[Site "https://www.chess.com"]

[Event "Titled Tuesday Blitz December 20 Early 2022"]
[White "Flawless_Fighter"]
[Black "Ducrest, Pierre"]
[BlackFideId "1303627"]
[WhiteElo "2622"]
[BlackElo "2004"]
[Result "0-1"]
[Round "09"]
[TimeControl "180+2"]
[Date "2022.12.20"]
[WhiteClock "0:00:04"]
[BlackClock "0:00:59"]

1. d4 d5 2. Nf3 e6 3. Bf4 c5 4. e3 Nf6 5. Nbd2 Nc6 6. c3 Nh5 7. Bg5 f6 8. Bh4 g6 9. Bd3 cxd4 10. cxd4 Be7 11. a3 O-O 12. O-O e5 13. Be2 e4 14. Ne1 Ng7 15. f3 g5 16. Bf2 f5 17. b4 Be6 18. Nb3 b6 19. Nc2 f4 20. b5 Na5 21. Nxa5 bxa5 22. Qd2 Bd6 23. fxe4 dxe4 24. d5 f3 25. gxf3 exf3 26. Bc4 Bh3 27. Nd4 Qc7 28. Be1 Qxc4 29. Rc1 Qxd5 30. Bf2 Bxf1 31. Rxf1 Rae8 32. Rd1 Qe4 33. Qb2 Qe5 34. Qb3+ Kh8 35. Bg3 f2+ 36. Kf1 Qe4 37. Bxd6 Qh1+ 38. Ke2 f1=Q+ 39. Rxf1 Qxf1+ 40. Kd2 Rf2+ 41. Kc3 Rxe3# 0-1


[Site "https://www.chess.com"]

[Event "Titled Tuesday Blitz December 20 Early 2022"]
[White "Garcia Brion, Eduardo"]
[Black "Martinez Ramirez, Lennis"]
[WhiteFideId "2223864"]
[BlackFideId "3509079"]
[WhiteElo "2175"]
[BlackElo "2426"]
[Result "0-1"]
[Round "09"]
[TimeControl "180+2"]
[Date "2022.12.20"]
[WhiteClock "0:00:07"]
[BlackClock "0:01:38"]

1. d4 e6 2. c4 d5 3. Nc3 Nf6 4. cxd5 exd5 5. Bg5 c6 6. e3 Be7 7. Bd3 O-O 8. Qc2 h6 9. Bh4 Nh5 10. Bxe7 Qxe7 11. Nf3 Nf4 12. O-O-O Nxg2 13. h4 Bg4 14. Ne5 Bxd1 15. Qxd1 Nxh4 16. Qg4 Ng6 17. Bxg6 fxg6 18. Nxg6 Qd7 19. Qg3 Rf6 20. Ne5 Qf5 21. Ng4 Rg6 22. Rg1 Rxg4 23. Qxg4 Qxg4 24. Rxg4 Nd7 25. Ne2 Nf6 26. Nf4 Nxg4 0-1


[Site "https://www.chess.com"]

[Event "Titled Tuesday Blitz December 20 Early 2022"]
[White "Garma, Chito"]
[Black "dropstoneDP"]
[WhiteFideId "5200342"]
[WhiteElo "2345"]
[BlackElo "3038"]
[Result "0-1"]
[Round "09"]
[TimeControl "180+2"]
[Date "2022.12.20"]
[WhiteClock "0:00:01"]
[BlackClock "0:00:02"]

1. Nf3 Nf6 2. c4 g6 3. b3 Bg7 4. Bb2 O-O 5. g3 d6 6. d4 e5 7. Bg2 Nc6 8. dxe5 dxe5 9. Qxd8 Rxd8 10. Nxe5 Nb4 11. Na3 Ng4 12. f4 Nxe5 13. fxe5 c6 14. Kf2 Bf5 15. h3 h5 16. Bf3 Re8 17. g4 hxg4 18. hxg4 Be6 19. Rhd1 Rad8 20. Bc3 a5 21. Kg2 Bf8 22. Bd4 Rd7 23. Bb6 Rxd1 24. Rxd1 Nxa2 25. Nc2 a4 26. bxa4 Nc3 27. Ra1 Bxc4 28. Nd4 Ba6 29. Bc7 Bg7 30. Rc1 Nxa4 31. Nxc6 bxc6 32. Bxc6 Rc8 33. Bd7 Bb7+ 34. Kf1 Ra8 35. e6 Bf8 36. Rb1 Nc5 37. exf7+ Kxf7 38. Bb5 Be4 39. Bc4+ Kf6 40. Rb6+ Kg5 41. Rb5 Kxg4 42. Bb6 Rc8 43. Bf7 Bf5 44. Ra5 Ne4 45. Bd5 Rc1+ 46. Kg2 Bc5 47. Bxe4 Bxe4+ 0-1


[Site "https://www.chess.com"]

[Event "Titled Tuesday Blitz December 20 Early 2022"]
[White "GiorgianBarbosa"]
[Black "Meri-Arabidze"]
[WhiteElo "2484"]
[BlackElo "2730"]
[Result "1/2-1/2"]
[Round "09"]
[TimeControl "180+2"]
[Date "2022.12.20"]
[WhiteClock "0:00:46"]
[BlackClock "0:01:39"]

1. d4 d5 2. c4 dxc4 3. e3 Nf6 4. Bxc4 e6 5. Nf3 a6 6. a4 c5 7. O-O Nc6 8. Nc3 cxd4 9. exd4 Nb4 10. Re1 Be7 11. Bg5 O-O 12. Qb3 Nc6 13. Qd1 h6 14. Bh4 Nb4 15. Qb3 a5 16. Rad1 Bd7 17. Ne5 Bc6 18. Bxe6 fxe6 19. Qxe6+ Kh7 20. Qf5+ Kg8 21. Qe6+ Kh7 22. Qf5+ Kg8 23. Qe6+ 1/2-1/2


[Site "https://www.chess.com"]

[Event "Titled Tuesday Blitz December 20 Early 2022"]
[White "Goryachkina, Aleksandra"]
[Black "Vsevolod_Ovchinnikov"]
[WhiteFideId "4147103"]
[WhiteElo "2571"]
[BlackElo "2557"]
[Result "1-0"]
[Round "09"]
[TimeControl "180+2"]
[Date "2022.12.20"]
[WhiteClock "0:00:05"]
[BlackClock "0:00:02"]

1. Nf3 Nf6 2. c4 g6 3. g3 Bg7 4. Bg2 d5 5. cxd5 Nxd5 6. O-O Nc6 7. Nc3 Nb6 8. d3 O-O 9. Be3 e5 10. Rc1 h6 11. b4 Re8 12. b5 Nd4 13. Bxd4 exd4 14. Ne4 a6 15. a4 axb5 16. axb5 Ra5 17. Qc2 Re7 18. Rb1 Be6 19. Rfc1 Bd5 20. Qd2 Ra2 21. Rc2 Rxc2 22. Qxc2 f5 23. Nc5 Qe8 24. Kf1 Kh7 25. Ng1 Bxg2+ 26. Kxg2 Qf7 27. Qb3 Qf8 28. Rc1 Qa8 29. Kf1 Qc8 30. Qa2 Nd7 31. Nxd7 Qxd7 32. Qc4 Qd6 33. Nf3 Qf6 34. Qd5 Qb6 35. h4 Qe6 36. Qxe6 Rxe6 37. Rxc7 Rb6 38. Nxd4 Kh8 39. e3 Bxd4 40. exd4 Rxb5 41. Ke2 Rd5 42. Rxb7 Rxd4 43. Ke3 Rd8 44. d4 Kg8 45. Kd3 g5 46. h5 Rd6 47. Kc4 f4 48. gxf4 gxf4 49. d5 Kf8 50. Kc5 Rf6 51. d6 Ke8 52. Kc6 Rf5 53. Rb8+ Kf7 54. d7 1-0


[Site "https://www.chess.com"]

[Event "Titled Tuesday Blitz December 20 Early 2022"]
[White "GregLeBarbare"]
[Black "Ong, Chong Ghee"]
[BlackFideId "5800145"]
[WhiteElo "2242"]
[BlackElo "2307"]
[Result "1-0"]
[Round "09"]
[TimeControl "180+2"]
[Date "2022.12.20"]
[WhiteClock "0:00:08"]
[BlackClock "0:00:01"]

1. d4 e6 2. Nf3 d5 3. Bf4 f5 4. e3 Nf6 5. c4 Be7 6. Nc3 c6 7. h3 O-O 8. Bd3 Ne4 9. Qc2 Bd7 10. O-O-O Be8 11. Rhg1 Nd7 12. g4 Bg6 13. gxf5 exf5 14. Ne5 Nxe5 15. Bxe5 Bh4 16. Rg2 Bf6 17. Bf4 Nxc3 18. Qxc3 c5 19. Kb1 cxd4 20. exd4 Rc8 21. c5 b6 22. Bd6 bxc5 23. Bxc5 Be7 24. f4 Qc7 25. Rc1 Bxc5 26. dxc5 Qxf4 27. Qb3 Qf3 28. Rcg1 Kh8 29. Rg3 Qf2 30. Qxd5 Rxc5 31. Qb3 Rfc8 32. a3 Qd2 33. Ka2 Rc1 34. Rxc1 Qxc1 35. Ba6 Rf8 36. Rc3 Qf4 37. Qb4 Qb8 38. Qxb8 Rxb8 39. Rc7 f4 40. Rxa7 f3 41. Rc7 Rf8 42. Rc1 f2 43. Rf1 Bh5 44. b4 g5 45. Bd3 g4 46. hxg4 Bxg4 47. Kb3 Bh3 48. Rh1 Bg2 49. Rxh7+ 1-0


[Site "https://www.chess.com"]

[Event "Titled Tuesday Blitz December 20 Early 2022"]
[White "Groz, Jacky"]
[Black "GoltsevDmitry2000"]
[WhiteFideId "626643"]
[WhiteElo "2052"]
[BlackElo "2739"]
[Result "1-0"]
[Round "09"]
[TimeControl "180+2"]
[Date "2022.12.20"]
[WhiteClock "0:00:52"]
[BlackClock "0:00:26"]

1. Nf3 d5 2. g3 c6 3. Bg2 Nf6 4. O-O g6 5. d3 Bg7 6. Nc3 O-O 7. e4 dxe4 8. dxe4 Qxd1 9. Rxd1 Nbd7 10. h3 Nc5 11. e5 Nfe4 12. Nxe4 Nxe4 13. Be3 f5 14. c3 Be6 15. Nd4 Bd5 16. f4 Rfd8 17. g4 e6 18. Bxe4 fxe4 19. Rac1 b5 20. b3 Bf8 21. Bf2 a6 22. c4 bxc4 23. bxc4 c5 24. cxd5 cxd4 25. d6 e3 26. Bh4 Rd7 27. Rxd4 h6 28. Re4 Kf7 29. Rxe3 Rb8 30. Rec3 g5 31. fxg5 hxg5 32. Bxg5 Bg7 33. Rc7 Rxc7 34. Rxc7+ Kg6 35. Rxg7+ Kxg7 36. d7 1-0


[Site "https://www.chess.com"]

[Event "Titled Tuesday Blitz December 20 Early 2022"]
[White "Haimov, Elchanan"]
[Black "Mileo, Miguelito"]
[WhiteFideId "2835916"]
[BlackFideId "851108"]
[WhiteElo "1707"]
[BlackElo "1721"]
[Result "1-0"]
[Round "09"]
[TimeControl "180+2"]
[Date "2022.12.20"]
[WhiteClock "0:00:36"]
[BlackClock "0:00:12"]

1. d4 Nf6 2. Bg5 c5 3. d5 d6 4. Bxf6 exf6 5. Nd2 g6 6. g3 Bg7 7. Bg2 f5 8. c3 O-O 9. a4 Nd7 10. e3 Rb8 11. Ne2 a6 12. Nc4 Ne5 13. Nxe5 Bxe5 14. O-O b5 15. axb5 Rxb5 16. Qc2 Qb6 17. Ra2 Bb7 18. Nf4 Rb8 19. Nd3 Bf6 20. h4 Bc8 21. Rb1 a5 22. c4 Rb3 23. Nc1 a4 24. Rxa4 Rxb2 25. Rxb2 Bxb2 26. Ra2 Bf6 27. Ne2 Kg7 28. Nf4 h6 29. Bf3 Qb7 30. Kg2 Ra8 31. Rxa8 Qxa8 32. Qb3 Qa6 33. Qb8 Bd7 34. Qc7 Be5 35. Qxd7 Bxf4 36. gxf4 Qxc4 37. Qxd6 Qc1 38. Qe5+ Kg8 39. d6 1-0


[Site "https://www.chess.com"]

[Event "Titled Tuesday Blitz December 20 Early 2022"]
[White "Hansch, Karsten"]
[Black "Zampronha, Wladimir Camilo"]
[WhiteFideId "24692239"]
[BlackFideId "2103087"]
[WhiteElo "2248"]
[BlackElo "2176"]
[Result "1-0"]
[Round "09"]
[TimeControl "180+2"]
[Date "2022.12.20"]
[WhiteClock "0:01:14"]
[BlackClock "0:00:41"]

1. e4 c5 2. Nf3 e6 3. c4 Nc6 4. Nc3 Nf6 5. Be2 d5 6. exd5 exd5 7. d4 dxc4 8. d5 Na5 9. Bg5 Be7 10. Bxc4 Nxc4 11. Qa4+ Bd7 12. Qxc4 O-O 13. d6 Bxd6 14. O-O-O Qe7 15. Nd5 Qd8 16. Nxf6+ gxf6 17. Bh6 Be6 18. Qh4 Qa5 19. Rxd6 Qxa2 20. Qg3+ 1-0


[Site "https://www.chess.com"]

[Event "Titled Tuesday Blitz December 20 Early 2022"]
[White "Harry_Rakkel"]
[Black "De Firmian, Nick"]
[BlackFideId "2000105"]
[WhiteElo "2611"]
[BlackElo "2460"]
[Result "1-0"]
[Round "09"]
[TimeControl "180+2"]
[Date "2022.12.20"]
[WhiteClock "0:00:30"]
[BlackClock "0:00:03"]

1. e4 e6 2. d4 d5 3. Nc3 Bb4 4. e5 c5 5. a3 Bxc3+ 6. bxc3 Ne7 7. Nf3 b6 8. Bb5+ Bd7 9. Bd3 Nbc6 10. O-O h6 11. h4 c4 12. Be2 Nf5 13. h5 Nh4 14. Nh2 Nf5 15. Bf4 g6 16. Ng4 g5 17. Bh2 Qe7 18. Nf6+ Kd8 19. Qd2 Kc7 20. f4 Rag8 21. Nxg8 Rxg8 22. fxg5 Rxg5 23. Bf4 Rg7 24. Qe1 Qf8 25. Kh2 Qg8 26. Rg1 Nce7 27. g4 Ba4 28. gxf5 Nxf5 29. Rxg7 Qxg7 30. Qg1 Qf8 31. Ra2 Qe7 32. Qf2 Qf8 33. Bg4 Ne7 34. Qd2 Ng8 35. Ra1 Qg7 36. Kh3 Qh7 37. Rc1 Be8 38. Rg1 Ne7 39. Bxh6 Nf5 40. Bf4 Kb7 41. Kg2 f6 42. Qe2 fxe5 43. Qxe5 Qg8 44. Qb8+ Ka6 45. Kh3 Bxh5 46. Qxg8 Bxg4+ 47. Qxg4 1-0


[Site "https://www.chess.com"]

[Event "Titled Tuesday Blitz December 20 Early 2022"]
[White "Husnutdinov, Damir"]
[Black "supertfc"]
[WhiteFideId "14200910"]
[WhiteElo "2415"]
[BlackElo "2268"]
[Result "0-1"]
[Round "09"]
[TimeControl "180+2"]
[Date "2022.12.20"]
[WhiteClock "0:00:01"]
[BlackClock "0:00:02"]

1. d4 Nf6 2. Nf3 d5 3. g3 g6 4. Bg2 Bg7 5. O-O O-O 6. c4 c6 7. Nc3 dxc4 8. Ne5 Be6 9. Qa4 Nbd7 10. Rd1 Nxe5 11. dxe5 Nd7 12. f4 b5 13. Qc2 Qb6+ 14. Kh1 Rfd8 15. e4 b4 16. Ne2 b3 17. axb3 cxb3 18. Qc3 Bg4 19. Be3 Qb7 20. Re1 Bxe2 21. Rxe2 e6 22. Ra3 Rdb8 23. Re1 Bf8 24. Raa1 Bb4 25. Qxb3 Bxe1 26. Qxb7 Rxb7 27. Rxe1 Rxb2 28. Rd1 Nb6 29. Rc1 a5 30. Bf1 a4 31. Rxc6 a3 32. Bd4 Rb1 33. Kg2 Nd7 34. Bd3 a2 35. Rc7 Nf8 36. f5 Rd1 37. Ba1 Rxd3 38. f6 Rd1 0-1


[Site "https://www.chess.com"]

[Event "Titled Tuesday Blitz December 20 Early 2022"]
[White "Ibarra Jerez, Jose Carlos"]
[Black "rasmussvane"]
[WhiteFideId "2226332"]
[WhiteElo "2563"]
[BlackElo "2949"]
[Result "1-0"]
[Round "09"]
[TimeControl "180+2"]
[Date "2022.12.20"]
[WhiteClock "0:00:11"]
[BlackClock "0:00:02"]

1. e4 c6 2. Nf3 d5 3. d3 dxe4 4. dxe4 Qxd1+ 5. Kxd1 Nf6 6. Nbd2 g6 7. Ne5 Nbd7 8. Nd3 Bh6 9. f3 b6 10. a4 O-O 11. b3 Ba6 12. a5 Rfd8 13. Nb4 Bxf1 14. Rxf1 Rac8 15. axb6 axb6 16. Nc4 Ne5+ 17. Ke2 Bxc1 18. Nxe5 Bb2 19. Nexc6 Bxa1 20. Nxd8 Bc3 21. Ndc6 Kf8 22. Rd1 Ke8 23. Rd3 Bb2 24. Na7 Rc5 25. c4 e6 26. g3 Kf8 27. Nb5 Rh5 28. h4 g5 29. hxg5 Rxg5 30. Kf2 h5 31. Rd8+ Kg7 32. Nd3 Ba1 33. Ra8 Be5 34. f4 Nxe4+ 35. Kf3 Rxg3+ 36. Kxe4 Bf6 37. Ra7 h4 38. Ne5 Bxe5 39. fxe5 h3 40. Ra1 Rxb3 41. Rh1 f5+ 42. exf6+ Kxf6 43. Nd4 Rc3 44. Rf1+ Ke7 45. Nc6+ Kd6 46. Ne5 h2 47. Rd1+ 1-0


[Site "https://www.chess.com"]

[Event "Titled Tuesday Blitz December 20 Early 2022"]
[White "InitiatingASC"]
[Black "Ivan11Martic"]
[WhiteElo "2412"]
[BlackElo "2528"]
[Result "1-0"]
[Round "09"]
[TimeControl "180+2"]
[Date "2022.12.20"]
[WhiteClock "0:00:02"]
[BlackClock "0:00:24"]

1. Nf3 Nf6 2. g3 g6 3. Bg2 Bg7 4. O-O O-O 5. c4 d6 6. Nc3 e5 7. d3 Re8 8. Bd2 c6 9. Ne1 d5 10. cxd5 cxd5 11. Nc2 h6 12. b4 Nc6 13. Qb1 Ne7 14. Qb2 Be6 15. d4 e4 16. Rfc1 Qd7 17. a4 Bh3 18. Bh1 Nf5 19. b5 Ng4 20. e3 Rad8 21. Bg2 Bxg2 22. Kxg2 h5 23. Nb4 Qe6 24. Nbxd5 Rxd5 25. Nxd5 Qxd5 26. Qa2 Qd7 27. Rc5 Nf6 28. Rac1 Nd6 29. Rc7 Qf5 30. Bb4 Qf3+ 31. Kg1 Ng4 32. Bxd6 Re6 33. Bf4 h4 34. h3 hxg3 35. hxg4 g2 36. Bg3 Bf8 37. Rc8 Kg7 38. Rxf8 Kxf8 39. Rc8+ Kg7 40. Qa3 Qd1+ 41. Kxg2 Qf3+ 42. Kh2 g5 43. Qf8+ Kf6 44. Qh8+ Ke7 45. Qd8# 1-0


[Site "https://www.chess.com"]

[Event "Titled Tuesday Blitz December 20 Early 2022"]
[White "JaloliddinIlkhomi"]
[Black "Andrii_Prydun"]
[WhiteElo "2533"]
[BlackElo "2387"]
[Result "1-0"]
[Round "09"]
[TimeControl "180+2"]
[Date "2022.12.20"]
[WhiteClock "0:01:23"]
[BlackClock "0:00:00"]

1. d4 Nf6 2. Nf3 c5 3. e3 cxd4 4. exd4 Nc6 5. c3 g6 6. Bf4 Bg7 7. Nbd2 O-O 8. Bc4 d6 9. O-O Bd7 10. Re1 Rb8 11. Qe2 a6 12. a4 Rc8 13. b4 h6 14. h3 Re8 15. Ba2 e5 16. dxe5 Nh5 17. Bh2 dxe5 18. Ne4 Re7 19. Nd6 Rc7 20. Rad1 Qf8 21. Qd3 Be6 22. Bxe6 Rxe6 23. Ne4 f5 24. Nc5 Ree7 25. Nh4 Kh7 26. Qd6 e4 27. Qxg6+ 1-0


[Site "https://www.chess.com"]

[Event "Titled Tuesday Blitz December 20 Early 2022"]
[White "Jasko, Pavel"]
[Black "Artem_0degov"]
[WhiteFideId "980463"]
[WhiteElo "1693"]
[BlackElo "2661"]
[Result "0-1"]
[Round "09"]
[TimeControl "180+2"]
[Date "2022.12.20"]
[WhiteClock "0:00:15"]
[BlackClock "0:00:09"]

1. d4 Nf6 2. c4 c5 3. d5 e5 4. Nc3 d6 5. f4 exf4 6. Bxf4 Be7 7. Nf3 O-O 8. e4 Nbd7 9. Bd3 Nh5 10. Be3 g6 11. O-O Bf6 12. Qd2 Ne5 13. Nxe5 Bxe5 14. Bh6 Re8 15. g3 Bh3 16. Bg5 f6 17. Be3 Bxf1 18. Bxf1 Qe7 19. Bg2 f5 20. Re1 Bxc3 21. Qxc3 fxe4 22. Bh3 Qe5 23. Qb3 Re7 24. Be6+ Kh8 25. Kg2 Ng7 26. Bh3 Rf8 27. Re2 Ref7 28. Qc2 Rf3 29. Bd2 e3 30. Bc3 Rf2+ 31. Kg1 Qe7 32. Qd3 Rxe2 33. Qxe2 Qe4 34. Bg2 Qb1+ 35. Be1 Qc1 36. h4 Rf2 37. Qg4 Qxe1+ 38. Kh2 Rxg2+ 39. Kxg2 Qf2+ 40. Kh3 Qf5 41. Qxf5 Nxf5 42. Kg2 e2 43. Kf2 Nxg3 44. h5 gxh5 45. b4 b6 46. b5 h4 47. a4 h3 48. a5 h2 49. Kg2 h1=Q+ 50. Kxg3 e1=Q+ 51. Kf4 Qhe4+ 52. Kg5 Q1h4# 0-1


[Site "https://www.chess.com"]

[Event "Titled Tuesday Blitz December 20 Early 2022"]
[White "Jenkins, Drake"]
[Black "queen_iryna"]
[WhiteFideId "2022397"]
[WhiteElo "2130"]
[BlackElo "2354"]
[Result "0-1"]
[Round "09"]
[TimeControl "180+2"]
[Date "2022.12.20"]
[WhiteClock "0:00:07"]
[BlackClock "0:00:05"]

1. Nf3 d6 2. c4 g6 3. g3 Bg7 4. Bg2 Nf6 5. Nc3 O-O 6. O-O Nc6 7. Rb1 e5 8. b4 e4 9. Ng5 Bf5 10. Ngxe4 Nxe4 11. Nxe4 Re8 12. d3 Nd4 13. e3 Nc6 14. Bb2 Ne5 15. Qb3 c6 16. Rbd1 d5 17. cxd5 cxd5 18. Bxe5 Rxe5 19. Nc5 b6 20. d4 Re7 21. Na4 Be4 22. Rc1 Rc8 23. Nc3 Bd3 24. Nxd5 Rxc1 25. Nxe7+ Qxe7 26. Rxc1 Ba6 27. b5 Bb7 28. Qc4 Bf8 29. Bxb7 Qxb7 30. a4 Qf3 31. h4 h5 32. Rc2 Kg7 33. Qe2 Qe4 34. f3 Qd5 35. Kg2 Bd6 36. e4 Qxd4 37. Rd2 Qe5 38. f4 Qe7 39. e5 Bc5 40. Rc2 Qb7+ 41. Qf3 Qd7 42. Qe4 Qd1 43. Qe2 Qg1+ 44. Kf3 Qh1+ 45. Qg2 Qd1+ 46. Qe2 Qh1+ 47. Qg2 Qd1+ 48. Qe2 Qd5+ 49. Qe4 Qd1+ 50. Re2 Qf1+ 0-1


[Site "https://www.chess.com"]

[Event "Titled Tuesday Blitz December 20 Early 2022"]
[White "JohnWhite1952"]
[Black "Cuajada_Zero"]
[WhiteElo "1978"]
[BlackElo "2413"]
[Result "0-1"]
[Round "09"]
[TimeControl "180+2"]
[Date "2022.12.20"]
[WhiteClock "0:00:06"]
[BlackClock "0:00:50"]

1. e4 c6 2. d3 d5 3. Nd2 e5 4. Ngf3 Bd6 5. g3 Bg4 6. Bg2 Nd7 7. O-O Ngf6 8. h3 Bh5 9. Re1 O-O 10. g4 Bg6 11. Nh4 dxe4 12. Nxg6 hxg6 13. dxe4 Qc7 14. Nc4 Bc5 15. Be3 b5 16. Bxc5 Nxc5 17. Nd2 Rad8 18. Qe2 Ne6 19. c3 Nf4 20. Qe3 Rd3 21. Qc5 Rxd2 22. Bf1 Rfd8 23. a4 a6 24. axb5 axb5 25. Ra7 Qd6 26. Qb6 Rxb2 27. Qb7 Rf8 28. c4 Qd2 29. Qb6 Qxe1 0-1


[Site "https://www.chess.com"]

[Event "Titled Tuesday Blitz December 20 Early 2022"]
[White "Jovanovic, Dobrica"]
[Black "deibittowers"]
[WhiteFideId "928674"]
[WhiteElo "2164"]
[BlackElo "2072"]
[Result "1-0"]
[Round "09"]
[TimeControl "180+2"]
[Date "2022.12.20"]
[WhiteClock "0:00:12"]
[BlackClock "0:00:04"]

1. e4 Nc6 2. Nf3 e5 3. Bb5 Nge7 4. c3 g6 5. d4 Bg7 6. Bg5 exd4 7. cxd4 f6 8. Be3 d5 9. Nc3 dxe4 10. Nxe4 O-O 11. O-O Nb4 12. Qb3+ Nbd5 13. Rac1 Kh8 14. Bd2 Bg4 15. Be2 Nf5 16. Bc3 Rb8 17. Nc5 Nf4 18. Bd1 b6 19. Na6 Rc8 20. Bd2 Nd5 21. Nb4 Bxf3 22. Bxf3 Nxb4 23. Bxb4 Nxd4 24. Qe3 c5 25. Bc3 Nxf3+ 26. Qxf3 Qc7 27. Rcd1 Rcd8 28. Rfe1 Rxd1 29. Rxd1 Rd8 30. Re1 Qf7 31. Qe3 h5 32. h3 Kh7 33. Qe4 Rd7 34. a3 Bf8 35. Qf3 Re7 36. Rd1 Bg7 37. Rd8 Rd7 38. Ra8 Qe6 39. g4 hxg4 40. hxg4 Bh6 41. g5 Bxg5 42. Qh3+ Bh6 43. Qxe6 Rd1+ 44. Kg2 Bg7 45. Qg8+ Kh6 46. Bxf6 Rd2 47. Qxg7+ Kh5 48. Qh7+ Kg4 49. Qh3+ Kf4 50. Qe3+ Kf5 51. Qxd2 Kxf6 52. Qf4+ Ke6 53. Rxa7 Kd5 54. Qg5+ Kc4 55. Qxg6 b5 56. Rb7 b4 57. Qe6+ Kd3 58. axb4 Kc2 59. Rc7 Kxb2 60. b5 c4 61. b6 c3 62. b7 c2 63. b8=Q+ Kc1 64. Qh6+ Kd1 65. Rd7+ Ke2 66. Qe8# 1-0


[Site "https://www.chess.com"]

[Event "Titled Tuesday Blitz December 20 Early 2022"]
[White "Karttunen, Mika"]
[Black "Aza, Saulo"]
[WhiteFideId "502081"]
[BlackFideId "4410394"]
[WhiteElo "2490"]
[BlackElo "1667"]
[Result "1/2-1/2"]
[Round "09"]
[TimeControl "180+2"]
[Date "2022.12.20"]
[WhiteClock "0:00:14"]
[BlackClock "0:00:04"]

1. e4 c5 2. Nf3 d6 3. d4 cxd4 4. Nxd4 Nf6 5. Nc3 Nc6 6. Bc4 e6 7. Be3 a6 8. Qe2 Qc7 9. O-O-O Na5 10. Bb3 b5 11. a3 Nxb3+ 12. Nxb3 Bb7 13. Bf4 Rc8 14. Rd2 h6 15. Rhd1 e5 16. Bg3 Qc4 17. Na5 Qxe2 18. Rxe2 Ba8 19. f3 Be7 20. Na2 Bd8 21. Nb3 Bc7 22. Nb4 Bb7 23. Nd5 Nxd5 24. exd5 O-O 25. f4 f6 26. fxe5 fxe5 27. Bf2 Rf5 28. Be3 Rcf8 29. Kb1 g5 30. Red2 Kg7 31. Ka2 Kg6 32. c3 R5f7 33. Rc2 Bc8 34. c4 Bf5 35. Rc3 bxc4 36. Rxc4 a5 37. Rc6 Be4 38. Rd2 a4 39. Nc5 Bf5 40. Na6 Ba5 41. Rxd6+ Kh5 42. Re2 Bd3 43. Rd2 Bc4+ 44. Kb1 Bb3 45. Rc2 Bxc2+ 46. Kxc2 Rf1 47. Kd3 Rd1+ 48. Ke4 Rb1 49. Nc5 Rxb2 50. Kxe5 Re2 51. Kd4 Bd2 52. Re6 Bxe3+ 53. Rxe3 Rxg2 54. d6 Rd2+ 55. Rd3 Rxd3+ 56. Kxd3 Kg4 57. Ke4 Rd8 58. Ke5 Kh3 59. Nxa4 Kxh2 60. Nc5 g4 61. Ne6 Rd7 62. Nc5 Rd8 63. Ne6 Rxd6 64. Kxd6 g3 65. a4 g2 66. Nd4 g1=Q 67. Nf3+ Kg2 68. Nxg1 Kxg1 69. a5 h5 70. a6 h4 71. a7 h3 72. a8=Q h2 73. Qg8+ Kf2 74. Qf7+ Kg2 75. Qg6+ Kh1 76. Qf5 Kg2 77. Qg4+ Kf2 78. Qf4+ Kg2 79. Qxh2+ Kxh2 1/2-1/2


[Site "https://www.chess.com"]

[Event "Titled Tuesday Blitz December 20 Early 2022"]
[White "Kazgildy, Fariza"]
[Black "Kildepiotr"]
[WhiteFideId "13724860"]
[WhiteElo "1189"]
[BlackElo "2682"]
[Result "0-1"]
[Round "09"]
[TimeControl "180+2"]
[Date "2022.12.20"]
[WhiteClock "0:00:04"]
[BlackClock "0:00:20"]

1. e4 g6 2. d4 Bg7 3. Nc3 c6 4. Be3 d5 5. e5 Nh6 6. Qd2 Nf5 7. Bf4 c5 8. Nf3 cxd4 9. Nxd4 Nxd4 10. Qxd4 Be6 11. O-O-O Nc6 12. Bb5 O-O 13. Bxc6 bxc6 14. Na4 f6 15. Nc5 Bf5 16. exf6 Bxf6 17. Be5 Bxe5 18. Qxe5 Qd6 19. Qxd6 exd6 20. Nb7 Rf6 21. Rhe1 Kf8 22. Na5 Bd7 23. f3 Re8 24. Rxe8+ Kxe8 25. Re1+ Kd8 26. c3 c5 27. Nb3 g5 28. Rd1 Be6 29. c4 dxc4 30. Nxc5 Bf5 31. Ne4 Bxe4 32. fxe4 Ke7 33. Rd2 Ke6 34. Kc2 Rf4 35. Re2 Ke5 36. Kc3 Rxe4 37. Rf2 d5 38. Rf7 Re3+ 39. Kb4 Kd4 40. Rxh7 Re2 41. Ka3 Rxg2 42. Rxa7 Rxh2 43. Rg7 Rg2 44. b4 c3 45. Rc7 Kd3 46. b5 d4 47. b6 Rb2 48. Rc6 g4 49. Rg6 Kc4 50. Rxg4 Rxb6 0-1


[Site "https://www.chess.com"]